Cogmind - Beta 17.1 @@@ ROGUE MODE // 2026.09.05 @ 18:36:48 Player: Finn Result: Destroyed by as-75917 with Assembled Rifle Performance ------------- Evolutions (0) 0 Regions Visited (2) 400 Robots Destroyed (19) 95 Value Destroyed (490) 490 Prototype IDs (0) 0 Alien Tech Used (0) 0 Bonus (0) 0 TOTAL SCORE: 985 Bonus ------- None Cogmind --------- Core Integrity 0/250 Matter 50/300 Energy 100/100 System Corruption 8% Temperature Cool (0) Movement Core (100) Ox1 Location -10/Mines Parts ------- > --- POWER (1) -------- (None) > --- PROPULSION (2) --- (None) > --- UTILITY (2) ------ Small Storage Unit > --- WEAPON (2) ------- (None) > --- INVENTORY (8) ---- Light Ion Engine Medium Laser Small Laser Battle Cannon Welding Torch Peak State ------------ > --- POWER ------------ Ion Engine > --- PROPULSION ------- Armored Treads Advanced Treads > --- UTILITY ---------- Small Storage Unit > --- WEAPON ----------- Ion Cannon Light Assault Rifle > --- INVENTORY -------- Light Ion Engine Medium Laser Small Laser Grenade Launcher Welding Torch [Rating: 12] Favorites ----------- Power Ion Engine Engine Ion Engine Propulsion Wheel Treads Armored Treads Wheel Wheel Utility Small Storage Unit Storage Small Storage Unit Weapon Light Assault Rifle Energy Gun Medium Laser Energy Cannon Ion Cannon Ballistic Gun Light Assault Rifle Launcher Grenade Launcher Build | -11 -10 -10 ------- Run | Yrd Mat Min Slots Evolved . | . . . Power . | . . . Propulsion . | . . . Utility . | . . . Weapon . | . . . Parts Attached 12 | 7 1 4 Power 1 | 1 . . Engine 1 | 1 . . Core . | . . . Reactor . | . . . Propulsion 4 | 2 . 2 Treads 2 | . . 2 Leg . | . . . Wheel 2 | 2 . . Hover . | . . . Flight . | . . . Utility 1 | 1 . . Device . | . . . Storage 1 | 1 . . Processor . | . . . Hackware . | . . . Protection . | . . . Artifact . | . . . Weapon 6 | 3 1 2 Energy Gun 2 | 2 . . Energy Cannon 1 | . . 1 Ballistic Gun 1 | 1 . . Ballistic Cannon . | . . . Launcher 2 | . 1 1 Special Weapon . | . . . Impact Weapon . | . . . Slashing Weapon . | . . . Piercing Weapon . | . . . Special Melee Weapon . | . . . Unidentified Prototypes . | . . . Parts Lost 9 | . 3 6 Power 1 | . . 1 Propulsion 4 | . 2 2 Utility . | . . . Weapon 4 | . 1 3 Highest Loss Streak 6 | . 2 6 To Critical Strikes . | . . . Average Backups 4 | 1 4 5 Power . | . 1 1 Propulsion . | . . . Utility . | . . . Weapon 2 | . 2 2 Tool/Special . | . . . Unused Backups 2 | . . 2 Power 1 | . . 1 Propulsion . | . . . Utility . | . . . Weapon . | . . . Tool/Special 1 | . . 1 Average Slot Usage (%) 75 | . 77 71 Engine 13 | . 14 13 Treads 6 | . . 21 Wheel 14 | . 20 . Storage 14 | . 14 14 Energy Gun 1 | . 2 . Energy Cannon 3 | . . 9 Ballistic Gun 13 | . 14 12 Launcher 8 | . 11 . Peak Build Rating 12 | 6 6 12 Average Rating 6 | 3 5 9 On Entrance 3 | . 6 3 Avg Prop Armor Cover (%) . | . . . Naked Turns . | . . . Heaviest Build 17 | 13 14 17 Greatest Support 42 | 20 20 42 Greatest Overweight (x) 4 | . 4 3 Average Overweight (x) . | . . . Largest Inventory Capacity 8 | 8 8 8 Average Capacity 7 | 6 8 8 Most Carried 7 | 4 5 7 Average Carried 4 | 1 4 4 Final Capacity 8 | 8 8 8 Final Carried 5 | 2 5 5 Class Distribution -------------------- 100% | Mutant Dominant Class ---------------- Mutant | -10/Materials Mutant | -10/Mines Resources | -11 -10 -10 ----------- Run | Yrd Mat Min Matter Collected 312 | 222 24 66 Remotely . | . . . Salvage Created 333 | 61 214 58 Parts 35 | 3 25 7 Haulers Intercepted 1 | . 1 . Recyclers Shooed . | . . . Parts Field Recycled . | . . . Retrieved Matter . | . . . Parts Self-Destructed . | . . . Prevented . | . . . Parts Restored . | . . . Kills | -11 -10 -10 ------- Run | Yrd Mat Min Combat Hostiles Destroyed 12 | . 10 2 Guns 2 | . 2 . Cannons 2 | . . 2 AOE 8 | . 8 . Classes Destroyed 8 | 1 5 2 Worker 1 | . . 1 Builder 3 | . 3 . Hauler 1 | . 1 . Recycler 1 | 1 . . Watcher 1 | . 1 . Swarmer 3 | . 3 . Grunt 7 | . 7 . Demolisher 2 | . . 2 Best Kill Streak 6 | 1 6 3 Combat Bots Only 5 | . 5 2 Max Kills in Single Turn 2 | 1 2 1 Gunslinging . | . . . Exploded 2 | . 2 . Melee . | . . . Uniques/NPCs Destroyed . | . . . Combat | -11 -10 -10 -------- Run | Yrd Mat Min Hostile Shots Fired 69 | . 26 43 Missed 16 | . 5 11 Hits 53 | . 21 32 Melee 4 | . . 4 Projectile 49 | . 21 28 AOE 15 | . . 15 Critical Strikes 1 | . 1 . Damage Taken 1255 | . 299 956 Core 258 | . 70 188 Absorbed by Shields . | . . . Core Remaining (%) 100 | 100 . . Volleys Fired 35 | 1 27 7 Largest 2 | 2 2 2 Hottest 90 | 70 50 90 Shots Fired 65 | 2 49 14 Gun 33 | 2 27 4 Cannon 7 | . . 7 Launcher 25 | . 22 3 Special . | . . . Kinetic 32 | 1 27 4 Thermal 8 | 1 . 7 Explosive 25 | . 22 3 Electromagnetic . | . . . Robot Hit Streak 8 | 2 8 3 Robot Miss Streak 4 | . 4 3 Penetration Max . | . . . Secondary Targets . | . . . Shots Hit Robots 37 | 2 29 6 Core Hits 42 | 2 28 12 Critical Kills . | . . . Critical Parts Destroyed . | . . . Critical Strikes . | . . . Melee Attacks . | . . . Impact . | . . . Slashing . | . . . Piercing . | . . . Sneak Attacks . | . . . Combat Hostiles . | . . . Follow-up Attacks . | . . . Damage Inflicted 1317 | 21 1098 198 Guns 158 | 21 129 8 Cannons 139 | . . 139 Explosions 1014 | . 963 51 Melee . | . . . Ramming 6 | . 6 . Kinetic 146 | 9 129 8 Thermal 151 | 12 . 139 Explosive 1014 | . 963 51 Electromagnetic . | . . . Impact . | . . . Slashing . | . . . Piercing . | . . . Highest Corruption 8 | . . 8 Average Corruption 7 | . . 7 Corruption Purged . | . . . Corruption Blocked . | . . . Overload Shots . | . . . Overflow Damage 11 | . 11 . Projectiles . | . . . Explosions 11 | . 11 . Melee . | . . . Knockbacks . | . . . Impact . | . . . Kinetic . | . . . Secondary . | . . . Self-Inflicted Damage 32 | . 32 . Shots 2 | . 2 . Rammed 2 | . 1 1 Targets Rammed 2 | . 1 1 Kicked . | . . . Crushed . | . . . Highest Temperature 170 | 30 71 170 Average Temperature 44 | 18 22 90 Received Heat Transfer 171 | . 171 . Siege Activations . | . . . Martial Activations . | . . . Shielding Activations . | . . . Robots Disrupted . | . . . Combat Hostiles . | . . . Robots Corrupted . | . . . Combat Hostiles . | . . . Parts Fried . | . . . Impact Corruptions . | . . . Robots Melted . | . . . Combat Hostiles . | . . . Parts Melted . | . . . Heat Transferred 259 | 37 . 222 Parts Sabotaged . | . . . Parts Stolen . | . . . Parts Stripped . | . . . Power Chain Reactions . | . . . Alert | -11 -10 -10 ------- Run | Yrd Mat Min Maximum Alert Level 1 | . 1 . Low Security (%) 74 | 100 58 100 Level 1 25 | . 41 . Level 2 . | . . . Level 3 . | . . . Level 4 . | . . . Level 5 . | . . . High Security . | . . . Max Security . | . . . Peak Influence 276 | 5 276 87 Initial 87 | . . 87 Average 103 | . 142 52 Influence Increases 476 | 5 406 65 Destroy 0b10 Robot/C 240 | . 200 40 Destroy 0b10 Robot/NC 35 | 5 25 5 Destroy Leader 54 | . 44 10 Successful Hack 23 | . 23 . Disable Machine 75 | . 75 . Destroy Structure 49 | . 39 10 Influence Decreases 464 | 5 180 279 Entered New Map 139 | . . 139 Time Decay 235 | 5 150 80 Lost Part 90 | . 30 60 Squads Dispatched 3 | . 2 1 Investigation 1 | . . 1 Extermination . | . . . Reinforcement 2 | . 2 . Assault . | . . . Garrison . | . . . Intercept . | . . . Searches Triggered . | . . . Construction Impeded . | . . . Haulers Reinforced . | . . . Active Scanning Responses . | . . . Cargo Convoy Interrupts . | . . . Stealth | -11 -10 -10 --------- Run | Yrd Mat Min Distress Signals 4 | . 4 . Communications Jammed . | . . . Distress Signals . | . . . Times Spotted 29 | . 13 16 Peak Tracking Total 13 | . 3 13 Tactical Retreats . | . . . Traps | -11 -10 -10 ------- Run | Yrd Mat Min Traps Triggered . | . . . Indirectly . | . . . Trap Hack Attempts . | . . . Triggered . | . . . Disarmed . | . . . Reprogrammed . | . . . Reused . | . . . Traps Extracted . | . . . Installed . | . . . Triggered . | . . . Machines | -11 -10 -10 ---------- Run | Yrd Mat Min Machines Disabled 5 | . 5 . Max in Single Turn 2 | . 2 . Machines Repaired . | . . . Machines Dismantled . | . . . Machines Sabotaged . | . . . Overloaded Fab Kills . | . . . Hacking | -11 -10 -10 --------- Run | Yrd Mat Min Machines Accessed 6 | . 5 1 Terminals 5 | . 5 . Fabricators . | . . . Repair Stations . | . . . Recycling Units . | . . . Scanalyzers . | . . . Garrison Access . | . . . Total Hacks 9 | . 8 1 Successful 3 | . 2 1 Failed 6 | . 6 . Catastrophic 1 | . 1 . Database Lockouts . | . . . Manual . | . . . Terminals 8 | . 8 . Fabricators . | . . . Repair Stations . | . . . Recycling Units . | . . . Scanalyzers . | . . . Garrison Access . | . . . Terminal Hacks 3 | . 2 1 Open Door 1 | . . 1 Branch Access Points 1 | . 1 . Recall Investigation 1 | . 1 . Fabricator Hacks . | . . . Repair Station Hacks . | . . . Recycling Unit Hacks . | . . . Scanalyzer . | . . . Garrison Access Hacks . | . . . Unauthorized Hacks . | . . . Terminals . | . . . Fabricators . | . . . Repair Stations . | . . . Recycling Units . | . . . Scanalyzers . | . . . Garrison Access . | . . . Data Cores Recovered . | . . . Used . | . . . Hacking Detections 4 | . 4 . Full Trace Events 1 | . 1 . Feedback Events . | . . . Feedback Blocked . | . . . Robot Schematics Acquired . | . . . Robots Built . | . . . Authchips . | . . . Time . | . . . Total Robot Build Rating . | . . . Part Schematics Acquired . | . . . Parts Built . | . . . Authchips . | . . . Time . | . . . Total Part Build Rating . | . . . Part Studies Acquired . | . . . Parts Repaired . | . . . Time . | . . . Parts Recycled . | . . . Recycled Matter . | . . . Retrieved Matter . | . . . Retrieved Components . | . . . Parts Scanalyzed . | . . . Part Schematics Acquired . | . . . Parts Damaged . | . . . Bothacking | -11 -10 -10 ------------ Run | Yrd Mat Min Used RIF Installer . | . . . Robots Hacked . | . . . Non-combat . | . . . Combat . | . . . Robot Hacks Applied . | . . . Relay Couplers Released . | . . . Fabnet Peak Effective % . | . . . Robots Rewired . | . . . Allies Hacked . | . . . Hacks Repelled . | . . . Allies | -11 -10 -10 -------- Run | Yrd Mat Min Total Allies . | . . . Largest Group . | . . . Highest-Rated Group . | . . . Highest-Rated Ally . | . . . Total Orders . | . . . Ally Attacks . | . . . Total Damage . | . . . Kills . | . . . Allies Corrupted . | . . . Allies Melted . | . . . Intel | -11 -10 -10 ------- Run | Yrd Mat Min Active Infowar (turns) . | . . . Robot Analysis Total . | . . . Derelict Logs Recovered . | . . . Drone Launches . | . . . Drone Recoveries . | . . . Exploration | -11 -10 -10 ------------- Run | Yrd Mat Min Turns Passed 598 | 53 371 174 Spaces Moved 392 | 47 269 76 Core 60 | 11 40 9 Treads 67 | . . 67 Legs . | . . . Wheels 265 | 36 229 . Hover . | . . . Flight . | . . . Fastest Speed 50 | 50 80 100 Average Speed 111 | 72 104 162 Slowest Speed 250 | 80 250 200 Overloaded Moves . | . . . Propulsion Burnouts . | . . . Robots Hopped . | . . . Potential Cave-ins . | . . . Cave-ins Triggered . | . . . Exploration Rate (%) 30 | 3 58 30 Regions Visited 2 Branch Regions 1 Pre-discovered Areas . | . . . Known Exits Taken 1 | . 1 . Unknown Exits Taken 1 | 1 . . Scrap Searched . | . . . Spaces Dug . | . . . Terrain Destroyed 53 | . 42 11 Melee . | . . . Projectile . | . . . AOE 53 | . 42 11 Terrain Rammed . | . . . Walls Destroyed . | . . . Machines Disabled . | . . . Actions | -11 -10 -10 --------- Run | Yrd Mat Min Total 491 | 63 317 111 Wait 36 | 1 17 18 Move 390 | 46 268 76 Hop . | . . . Pick Up 15 | 8 3 4 Fast Attach . | . . . Attach 10 | 6 . 4 Detach . | . . . Swap 3 | 1 1 1 Drop . | . . . Fire 35 | 1 27 7 Melee . | . . . Ram 1 | . 1 . Kick . | . . . Crush 1 | . . 1 Escape Stasis . | . . . Rewire . | . . . Trap . | . . . Miscellaneous . | . . . Route ------- -11/Scrapyard -10/Materials (discovered 4 exits: [*Mat x2] / *Min x2) -10/Mines (discovered 1 exit: [*Mat]) History --------- Turn | Location | Event 19 | -11/Scrapyard | Discovered new exit (range 15) 54 | -11/Scrapyard | Entered Materials 177 | -10/Materials | Identified exit to Mines 239 | -10/Materials | Discovered new exit (range 8) 312 | -10/Materials | Build established: Mutant 318 | -10/Materials | Discovered new exit (range 3) 425 | -10/Materials | Entered Mines 432 | -10/Mines | Met a Derelict shopkeep closing up shop 506 | -10/Mines | Discovered new exit (range 9) 550 | -10/Mines | Assembled infested the area 573 | -10/Mines | Core integrity fell below 50% 590 | -10/Mines | Core integrity fell below 20% 595 | -10/Mines | A weapon hastily lodged in a ceiling crevice suddenly fell to the ground 599 | -10/Mines | Destroyed by as-75917 with Assembled Rifle Last Messages --------------- 00584_ Adv. Treads destroyed. 00584_ System corrupted by crushing effect (+1). 00584_ System corrupted by crushing effect (+5). 00586_ K-01 Serf collects debris. 00587_ The unstable cave ceiling collapses. 00587_ Lgt. Assault Rifle destroyed. 00587_ Ion Cannon destroyed. 00587_ System corrupted by crushing effect (+2). 00588_ Slammed into as-81280. 00589_ K-01 Serf collects debris. 00591_ as-21079 sneak attacks. 00593_ K-01 Serf collects debris. 00595_ The unstable cave ceiling collapses. 00595_ A Battle Cannon has been hastily shoved under some rubble with a note attached: "To battle!" 00597_ Arm. Treads destroyed. 00597_ K-01 Serf collects debris. 00598_ Acquired Battle Cannon. 00599_ The unstable cave ceiling collapses. Map ----- +----------------------------------------------------+ | ?## #??????????????????????????????????????????? | | ?# ##?????????????????????????????????????????? | | ?# < ####??????????????????????????????????????? | | ## ##?????????????????????????????????????? | | # #?????????????????????????????????????? | | # #?????????????????????????????????????? | | ? #??????????????????????????????????????? | | ?# #??????????????????????????????????????? | | ## #???????????????????????????????????????? | | """ #???????????????????????????????????????? | | """ #???????????????????????????????????????? | | ## """ ##??????????????????#????????????????????? | | ### #??????????????????# #??????????????????? | | #?#### #?????????????????? ??????????????????? | | #????# #?????????????????? ??????????????????? | | ####?# #?????????????????# ??????????????????? | | #?# #????????????????# ??????????????????? | | #?# #??????????????## ???????????????????? | | #?# ###????????????# ????????????????????? | | #?# #????????????# #????????????????????? | | #?#### ##########???# #?????????????????????? | | #????# #?### #??????????????????????? | | #????######### ### #####??????????????????? | | ####???????## # ## a ???????????????????? | | ???????????# #?????????????????????? | | ???????????# # # a @ #?????????????????????? | | ???????????# # a ### #?????????????????? | | ?????????### aa ????????????? | | ?????# #########??????????????? | | ?????? """ ## %###??????????????????????? | | ?????????" a #????????????????????????? | | ???????""" #????????????????????????? | | ?????# ## #???????????????????????? | | ?????######??# ! ?????????????????????? | | ?????????????### !%! ???????????????????? | | ?????????????? !%= ???????????????????? | | ????????????? k ##### #??????????????????? | | ????????????? k #????# ##??????????????????? | | ???????????? %% #?????###???????????????????? | | ???????????? * # #???????????????????????????? | | ??????????? ###???????????????????????????? | | ??????????? #####??????????????????????????????? | | ?????????????#???????????????????????????????????? | | ?????????????????????????????????????????????????? | | ?????????????????????????????????????????????????? | | ?????????????????????????????????????????????????? | | ?????????????????????????????????????????????????? | | ?????????????????????????????????????????????????? | | ?????????????????????????????????????????????????? | | ?????????????????????????????????????????????????? | +----------------------------------------------------+ Best States ------------- Heat Dissipation 25 Energy Generation 10 Energy Capacity 250 Matter Stores 251 Matter Capacity 300 Sight Range 16 Terrain Scan Density 10 Evasion (%) 44 Recoil Reduction 2 Item Schematics ----------------- None Robot Schematics ------------------ None Fabricated ------------ Nothing Repaired ---------- Nothing Studied --------- None Alien Tech Used ----------------- None Achievements -------------- None Challenges ------------ None Game ------ Seed IonicClaymoresSink Manual? 0 Play Time 00:07:49 Cumulative 36.6 hours Start 2026.09.05 @ 18:29:22 End 2026.09.05 @ 18:36:48 Sessions 1 Manual Loads 0 Difficulty Rogue Special Mode None Game No. 91 Rogue 74 Adventurer 15 Explorer 2 Win Type - Total 0 Types 0/0/0/0/0/0/0/0/0/0 Lore% 27 Gallery% 27 Achievement% 23 Wizard Run 0 Options --------- Layout 1 ASCII 0 Keyboard 0 Movement Mouse Keybinds 0 Fullscreen 1 Font 24/Smallcaps Map View 50x35 Zoom Use 0% Tactical HUD 1 Map Filters NONE Filters NONE Steam 1 RUN: d5e9d8c8-096c-4ee2-987d-00b8c76f864a